 Dungeon Crawl Stone Soup version 0.22-a0-533-g4d20840 (webtiles) character file.

88 Goblin1989 the Firebug (level 4, -5/27 HPs)
             Began as an Octopode Fire Elementalist on June 22, 2018.
             Shot with an arrow by a centaur (12 damage)
             ... on level 3 of the Dungeon.
             The game lasted 00:07:17 (2625 turns).

Goblin1989 the Firebug (Octopode Fire Elementalist) Turns: 2625, Time: 00:07:17

Health: -5/27      AC:  3    Str:  7      XL:     4   Next: 54%
Magic:  6/7        EV: 13    Int: 16 (18) God:
Gold:   85         SH:  0    Dex: 12      Spells: 1/8 levels left

rFire    + . .     SeeInvis .   s - +2 dagger (venom)
rCold    . . .     Gourm    .   (no shield)
rNeg     . . .     Faith    .   z - +2 hat
rPois    .         Spirit   .   (no amulet)
rElec    .         Reflect  .   f - ring of protection from fire
rCorr    .         Harm     .   (no ring)
MR       .....                  (no ring)
Stlth    +++.......             (no ring)
HPRegen  0.09/turn              (no ring)
MPRegen  0.10/turn              (no ring)
                                (no ring)
                                (no ring)

@: no status effects
A: almost no armour, stealthy swim, amphibious, 8 rings, constrict 8, camouflage
1, gelatinous body 1
a: no special abilities


You were on level 3 of the Dungeon.
You were not hungry.

You visited 1 branch of the dungeon, and saw 3 of its levels.

You collected 85 gold pieces.

Inventory:

Hand Weapons
 s - a +2 dagger of venom (weapon)
 u - a +0 hunting sling
Missiles
 p - 18 sling bullets
 q - 17 stones (quivered) {@Q3}
Armour
 z - a +2 hat (worn)
Jewellery
 f - a ring of protection from fire (left tentacle)
Wands
 y - a wand of flame (13) {@v6}
Scrolls
 g - a scroll of fear {unknown}
 j - 4 scrolls of identify {unknown}
 k - a scroll of blinking {unknown}
 l - a scroll of fog {unknown}
 o - a scroll of remove curse {unknown}
 w - a scroll of amnesia {unknown}
Potions
 r - a potion of might {@q4}
 v - a potion of ambrosia {unknown}
 A - 2 potions of brilliance {unknown}
Comestibles
 e - 4 rations
 B - 2 chunks of flesh


   Skills:
 - Level 2.0 Dodging
 - Level 2.6 Stealth
 + Level 2.5 Spellcasting
 * Level 2.7 Conjurations
 * Level 4.0 Fire Magic


You had one spell level left.
You knew the following spells:

 Your Spells              Type           Power        Failure   Level  Hunger
a - Flame Tongue          Conj/Fire      ##...        4%          1    #......
b - Inner Flame           Hex/Fire       #.......     26%         3    ###....
j - Conjure Flame         Conj/Fire      ##......     14%         3    ###....

Your spell library contained the following spells:

 Spells                   Type           Power        Failure   Level  Hunger
 Fireball                 Conj/Fire      ##........   80%         5    ######.
 Throw Flame              Conj/Fire      ##....       8%          2    ##.....
 Sticky Flame             Conj/Fire      ##......     43%         4    #####..


Dungeon Overview and Level Annotations

Branches:
Dungeon (3/15)

Altars:
Fedhas
Okawaru


Innate Abilities, Weirdness & Mutations

You cannot wear most types of armour.
You are very stealthy in the water. (Stealth+)
You are amphibious.
You can wear up to eight rings at the same time.
You can use your tentacles to constrict eight enemies at once.
Your skin changes colour to match your surroundings (Stealth+).
Your rubbery body absorbs attacks. (AC +1, EV +1)


Message History

The gnoll is severely wounded.
The gnoll closely misses you.
You now have 4/7 mp.
Casting: Flame Tongue (safe; 5% risk of failure)
Confirm with . or Enter, or press ? or * to list all spells.
Aiming: Flame Tongue (safe; 5% risk of failure)
Press: ? - help, Shift-Dir - straight line, f/p - gnoll
Aim: a gnoll, wielding a spear (severely wounded)
The flame tongue hits the gnoll.
The gnoll is almost dead.
The gnoll hits you from afar with a spear.
You take 2 damage, and have 15/27 hp.
You now have 3/7 mp.
Casting: Flame Tongue (safe; 5% risk of failure)
Confirm with . or Enter, or press ? or * to list all spells.
Aiming: Flame Tongue (safe; 5% risk of failure)
Press: ? - help, Shift-Dir - straight line, f/p - gnoll
Aim: a gnoll, wielding a spear (almost dead)
The flame tongue hits the gnoll.
You kill the gnoll!
You now have 2/7 mp.
Casting: Flame Tongue (safe; 5% risk of failure)
Confirm with . or Enter, or press ? or * to list all spells.
Aiming: Flame Tongue (safe; 5% risk of failure)
Press: ? - help, Shift-Dir - straight line, f - goblin
Aim: a goblin The flame tongue hits the goblin.
You kill the goblin!
You now have 1/7 mp.
Casting: Flame Tongue (safe; 4% risk of failure)
Confirm with . or Enter, or press ? or * to list all spells.
Aiming: Flame Tongue (safe; 4% risk of failure)
Press: ? - help, Shift-Dir - straight line, f - gnoll
Aim: a gnoll (heavily wounded)
The flame tongue hits the gnoll.
The gnoll is severely wounded.
You now have 0/7 mp.
Casting: Flame Tongue (safe; 4% risk of failure)
Confirm with . or Enter, or press ? or * to list all spells.
You don't have enough magic to cast that spell.
Casting: Flame Tongue (safe; 4% risk of failure)
Confirm with . or Enter, or press ? or * to list all spells.
You don't have enough magic to cast that spell.
You hit the gnoll but do no damage.
The gnoll is poisoned.
Your grab misses the gnoll.
The gnoll is severely wounded.
The gnoll hits you.
* * * LOW HITPOINT WARNING * * *
You take 4 damage, and have 12/27 hp.
You hit the gnoll.
You kill the gnoll!
You feel your strength returning.
Your Fire Magic skill increases to level 4!
Unknown command.
Memorise Conjure Flame, consuming 3 spell levels and leaving 4?
You start memorising the spell.
You continue memorising. x3
You finish memorising.
Spell assigned to 'j'.
Memorise Inner Flame, consuming 3 spell levels and leaving 1?
You start memorising the spell.
You continue memorising. x3
You finish memorising.
Spell assigned to 'b'.
Okay, then.
Key pressed, stopping explore.
Some of the chunks of flesh in your inventory have rotted away.
All of the chunks of flesh in your inventory have rotted away.
Key pressed, stopping explore.
HP restored.
You butcher the goblin corpse.
B - 2 chunks of flesh You butcher the gnoll corpse.
B - 3 chunks of flesh (gained 1)
Things that are here:
a spear; a goblin skeleton
Things that are here:
a spear; a goblin skeleton; Health restored: 27; MP restored: 7 Unknown command.
Things that are here:
a club; a kobold skeleton Eating one of 3 chunks of flesh.
You eat one of the 3 chunks of flesh.
This raw flesh tastes terrible.
Key pressed, stopping explore.
An adder comes into view.
The adder hisses angrily.
The adder moves out of view.
Unknown command.
The centaur shoots an arrow.
The arrow hits you!
You take 9 damage, and have 18/27 hp.
MASSIVE DAMAGE!!
The centaur shoots an arrow.
The arrow hits you!
* * * LOW HITPOINT WARNING * * *
x2 The adder bites you but does no damage.
The centaur shoots an arrow.
The arrow closely misses you.
You take 11 damage, and have 7/27 hp.
MASSIVE DAMAGE!!
Casting: Flame Tongue (safe; 4% risk of failure)
Confirm with . or Enter, or press ? or * to list all spells.
Aiming: Flame Tongue (safe; 4% risk of failure)
Press: ? - help, Shift-Dir - straight line, f - adder
Aim: an adder The flame tongue hits the adder.
The adder is heavily wounded.
The adder bites you but does no damage.
The centaur shoots an arrow.
The arrow hits you!
You die...

█..████.█.██████
...██████.██ █.█.█
......██..█ █.█.█
.....███)█ █.█.█
█....█ █.███.█.█
█c...█ █..██.█.█
█....█ ██.██.█.█
████...S█ █..█.█.█
.......@█████.█.█.█
████....(.......█.█
......██.█████.██.█
...... █.█ █..█)█
..... █.█ ██.█.█


████▲ █.█ █.█)█ █.█ █.█.█ █.█ █...█ ████.██ ██..█ You could see a centaur and an
adder.

Vanquished Creatures
  An adder (D:2)
  2 gnolls (D:3)
  3 worms
  3 dart slugs
  An orc (D:3)
  8 bats
  A giant cockroach (D:1)
  3 hobgoblins
  2 jackals (D:2)
  4 frilled lizards
  7 goblins
  8 kobolds
  6 rats
49 creatures vanquished.

Notes
Turn   | Place    | Note
-------+----------+-------------------------------------------
     0 | D:1      | Goblin1989 the Octopode Fire Elementalist began the quest for the Orb.
     0 | D:1      | Reached XP level 1. HP: 11/11 MP: 3/3
   212 | D:1      | Reached XP level 2. HP: 17/17 MP: 0/5
  1201 | D:2      | Reached XP level 3. HP: 21/21 MP: 4/6
  1354 | D:2      | You fall through a shaft!
  1406 | D:3      | Noticed a centaur
  1740 | D:2      | Reached XP level 4. HP: 27/27 MP: 4/7
  2008 | D:2      | Found a blossoming altar of Fedhas.
  2169 | D:2      | Found an iron altar of Okawaru.
  2435 | D:3      | Reached skill level 4 in Fire Magic
  2440 | D:3      | Learned a level 3 spell: Conjure Flame
  2444 | D:3      | Learned a level 3 spell: Inner Flame
  2625 | D:3      | Shot with an arrow by a centaur

Vault maps used:
D:1:      mushboom_english_gardens
D:2:      kennysheep_okawaru_gauntlet, fedhas_altar_4, fountainhead,
          grunt_ministairs_3
D:3:      zin_treasury, chequers_ecumenical_altar_simple,
          hangedman_feature_mirror

Skill      XL: |  1  2  3  4 |
---------------+-------------+-----
Conjurations   | 2 |  2.7
Fire Magic     | 4 |  4.0
Dodging        | |  2.0
Stealth        | |  2.6
Spellcasting   | |  2.5

Action                   |  1- 3 |  4- 6 || total
-------------------------+-------+-------++-------
Melee: Unarmed           |    14 |       ||    14
       Constrict         |     5 |     1 ||     6
       Tentacles         |     3 |     1 ||     4
       Dagger            |     6 |     7 ||    13
 Cast: Flame Tongue      |    55 |    23 ||    78
  Use: Potion            |     4 |       ||     4
 Stab: Sleeping          |     1 |       ||     1
  Eat: Ration            |     1 |       ||     1
       Chunk             |       |     3 ||     3
Armor: Skin              |     7 |     2 ||     9
Dodge: Dodged            |    40 |     5 ||    45

Table legend:
 A = Spawn XP
 B = Non-spawn XP
 C = Spawn XP percentage of total XP
 D = Spawn monster count
 E = Non-spawn monster count
 F = Spawn count percentage of total count
 G = Total turns spent on level
                    A         B        C        D         E        F      G
               +---------+---------+-------+---------+---------+-------+---------
         Total |       0 |     127 |   0.0 |       0 |      49 |   0.0 |  2625
               +---------+---------+-------+---------+---------+-------+---------
           D:1 |       0 |      32 |   0.0 |       0 |      17 |   0.0 |  1200
           D:2 |       0 |      48 |   0.0 |       0 |      22 |   0.0 |  1054
           D:3 |       0 |      47 |   0.0 |       0 |      10 |   0.0 |   371
               +---------+---------+-------+---------+---------+-------+---------

Vault maps used:
D:1:      mushboom_english_gardens
D:2:      kennysheep_okawaru_gauntlet, fedhas_altar_4, fountainhead,
          grunt_ministairs_3
D:3:      zin_treasury, chequers_ecumenical_altar_simple,
          hangedman_feature_mirror
